 Dungeon Crawl Stone Soup version 0.31-a0-188-g5e087ee2ca (webtiles) character file.

Game seed: 6620946306183114580

186 qw the Skirmisher (level 5, -2/29 HPs)
             Began as a Deep Elf Hunter on June 22, 2023.
             Was an Initiate of Okawaru.
             Slain by a phantom (6 damage)
             ... on level 4 of the Dungeon.
             The game lasted 00:00:52 (2827 turns).

qw the Skirmisher (Deep Elf Hunter)                 Turns: 2827, Time: 00:00:53

Health: -2/29      AC:  4    Str:  9    XL:     5   Next: 38%
Magic:  7/7        EV: 14    Int: 11    God:    Okawaru [......]
Gold:   179        SH:  0    Dex: 28    Spells: 4/4 levels left

rFire   . . .        Y - +0 shortbow
rCold   . . .        (shield currently unavailable)
rNeg    . . .        c - +0 leather armour
rPois   +            (no helmet)
rElec   .            (no cloak)
rCorr   .            g - +0 pair of gloves
SInv    .            (no boots)
Will    .....        (no amulet)
Stlth   ++           i - +6 ring of dexterity
HPRegen 0.24/turn    (no ring)
MPRegen 0.10/turn

%: no passive effects
@: no status effects
A: agile 1, dopey 1, poison resistance, subdued magic 1
a: Renounce Religion


You were on level 4 of the Dungeon.
You worshipped Okawaru.
Okawaru was noncommittal.
You visited 2 branches of the dungeon, and saw 5 of its levels.

You collected 201 gold pieces.
You spent 22 gold pieces at shops.


Innate Abilities, Weirdness & Mutations

You are agile. (Dex +4, Str/Int -1)
You are dopey. (Int -2)
Your system is resistant to poisons. (rPois)
Your spells are a little easier to cast, but a little less powerful.


   Skills:
 - Level 1.5 Fighting
 - Level 8.2 Ranged Weapons
 + Level 3.8 Dodging
 - Level 1.2 Stealth


You had 4 spell levels left.
You didn't know any spells.
Your spell library was empty.

Inventory:

Hand Weapons
 Y - a +0 shortbow (weapon)
Armour
 c - a +0 leather armour (worn)
 g - a +0 pair of gloves (worn)
Jewellery
 h - a ring of ice
 i - a +6 ring of dexterity (left hand)
Scrolls
 d - a scroll of identify
Potions
 a - a potion of mutation
 e - a potion of invisibility {unknown}
 k - a potion of curing

Dungeon Overview and Level Annotations

Branches:
Dungeon (4/15)             Temple (1/1) D:4

Altars:
Ashenzari
Cheibriados
Dithmenos
Elyvilon
Fedhas
Gozag
Kikubaaqudgha
Makhleb
Nemelex Xobeh
Okawaru
Sif Muna
Trog
Uskayaw
Vehumet
Wu Jian
Xom
Zin

Shops:
D:3 ?


Message History

The orc priest hits you but does no damage.
You shoot an arrow. The arrow hits the orc priest!
You kill the orc priest!
Okawaru accepts your kill.
You shoot an arrow. The arrow barely misses the phantom.
The phantom misses you.
You shoot an arrow. The arrow hits the phantom.
The phantom is lightly damaged.
The orc priest hits you but does no damage.
The phantom misses you.
You shoot an arrow. The arrow hits the phantom.
The phantom is moderately damaged.
The orc priest hits you from afar with a +0 trident!
The phantom hits you.
You shoot an arrow. The arrow closely misses the phantom.
The orc priest hits you from afar with a +0 trident.
The phantom hits you.
The phantom blinks!
You blink.
You shoot an arrow. The arrow hits the phantom.
The phantom is moderately damaged.
The phantom barely misses you.
You shoot an arrow.
The arrow hits the phantom but does no damage.
The phantom is moderately damaged.
The phantom barely misses you.
You shoot an arrow.
The arrow completely misses the phantom.
The arrow hits the orc priest!
The orc priest is severely wounded.
The phantom hits you but does no damage.
You shoot an arrow. The arrow hits the phantom!
The phantom is heavily damaged.
The phantom hits you.
You shoot an arrow. The arrow hits the phantom.
The phantom is severely damaged.
The orc priest barely misses you. The phantom hits you.
You shoot an arrow. The arrow hits the phantom.
The phantom is almost destroyed.
The orc priest begins to cast a cantrip, but forgets the words!
The phantom hits you.
You die...

#... #..# #..# #..#
#..#
#.#####..####...
#...@Woo.J)...#
####.##o.### #
#.##..# # #.
#.##..### .# #.
##.###.8.##.## ##.
..............###.##
....##8.>.8#......#.
....##........###...
..###.8.##.##.....


You could see a phantom, a jelly, an orc priest and 2 orcs.

Vanquished Creatures
  An orc priest (D:4)
  A sleepcap (D:4)
  3 gnolls (D:2)
  2 adders (D:2)
  An ufetubus (D:4)
  2 worms
  4 dart slugs
  3 orcs
  7 ball pythons
  5 bats
  3 endoplasms
  A giant cockroach (D:1)
  4 goblins
  8 hobgoblins
  2 jackals (D:1)
  2 quokkas (D:2)
  2 frilled lizards
  10 kobolds
  4 rats
65 creatures vanquished.

Notes
Turn   | Place    | Note
-------+----------+-------------------------------------------
     0 | D:1      | qw the Deep Elf Hunter began the quest for the Orb.
     0 | D:1      | Reached XP level 1. HP: 12/12 MP: 3/3
     0 | D:1      | 0 ||| qw: Version: 0.3-a-9-g12657ce
     0 | D:1      | 0 ||| qw: Game counter: 2894
     0 | D:1      | 0 ||| qw: Always use a shield: true
     0 | D:1      | 0 ||| qw: God list: Okawaru
     0 | D:1      | 0 ||| qw: Allow faded altars: false
     0 | D:1      | 0 ||| qw: Do Orc after D:15 true
     0 | D:1      | 0 ||| qw: Do second Lair branch before Depths: true
     0 | D:1      | 0 ||| qw: Lair rune preference: random
     0 | D:1      | 0 ||| qw: Plans: Normal
     0 | D:1      | 0 ||| PLANNING D:1-11
   151 | D:1      | Reached XP level 2. HP: 16/16 MP: 4/4
   199 | D:1      | Reached skill level 6 in Ranged Weapons
   601 | D:1      | 601 ||| UPGRADING to +0 pair of gloves.
   606 | D:1      | 606 ||| DROPPING ring of wizardry.
   607 | D:1      | 607 ||| UPGRADING to +6 ring of dexterity.
   608 | D:1      | 608 ||| UPGRADING to ring of poison resistance.
   609 | D:1      | 609 ||| READING scroll labelled BOEMYTEACE.
   610 | D:1      | 610 ||| DROPPING scroll of butterflies.
   651 | D:2      | Found a faded altar of an unknown god.
   663 | D:2      | Reached XP level 3. HP: 20/20 MP: 5/5
   798 | D:2      | Reached skill level 7 in Ranged Weapons
   856 | D:2      | 856 ||| FLEEEEING.
  1131 | D:2      | Reached skill level 3 in Dodging
  1132 | D:2      | Reached XP level 4. HP: 25/25 MP: 6/6
  1628 | D:2      | 1628 ||| READING scroll labelled WUIMIQ LALEFFI.
  1629 | D:2      | 1629 ||| DRINKING 2 bubbling grey potions.
  1629 | D:2      | Gained mutation: Your system is resistant to poisons.
                  | (rPois) [potion of mutation]
  1629 | D:2      | Gained mutation: You are agile. (Dex +4, Str/Int -1)
                  | [potion of mutation]
  1629 | D:2      | Gained mutation: You have hidden genetic defects. [potion
                  | of mutation]
  1630 | D:2      | 1630 ||| REMOVING ring of poison resistance.
  1631 | D:2      | 1631 ||| DROPPING ring of poison resistance.
  1632 | D:2      | 1632 ||| DRINKING 2 fuming green potions.
  1841 | D:3      | Found Fitann's Magic Scroll Shop.
  1867 | D:3      | 1867 ||| SHOPLISTING 2 scrolls of brand weapon (209 gold,
                  | have 127).
  1867 | D:3      | 1867 ||| BUYING scroll of identify (22 gold).
  1867 | D:3      | Bought a scroll of identify for 22 gold pieces
  1878 | D:3      | Gained mutation: You are dopey. (Int -2) [hidden defects]
  2335 | D:3      | 2335 ||| READING scroll labelled QAIGO GEKHLEME.
  2336 | D:3      | 2336 ||| READING scroll labelled EFFAUJ OJEIBB.
  2382 | D:3      | 2382 ||| READING scroll labelled OFIGUBB BEUPUT.
  2383 | D:3      | 2383 ||| READING 2 scrolls of identify.
  2383 | D:3      | 2383 ||| IDENTIFYING pink potion
  2384 | D:3      | 2384 ||| DROPPING potion of lignification.
  2404 | D:4      | Reached skill level 8 in Ranged Weapons
  2404 | D:4      | Reached XP level 5. HP: 28/29 MP: 7/7
  2407 | D:4      | Gained mutation: Your spells are a little easier to cast,
                  | but a little less powerful. [hidden defects]
  2407 | D:4      | Lost mutation: You have hidden genetic defects. [hidden
                  | defects expressed]
  2425 | D:4      | Found a staircase to the Ecumenical Temple.
  2426 | D:4      | 2426 ||| PLANNING TEMPLE
  2432 | Temple   | Entered the Ecumenical Temple
  2495 | Temple   | 2495 ||| PLANNING OKAWARU WORSHIP
  2727 | Temple   | Became a worshipper of Warmaster Okawaru
  2728 | Temple   | 2728 ||| PLANNING D:1-11
  2804 | D:4      | Noticed a phantom
  2805 | D:4      | 2805 ||| Stepping ~*~*~tactically~*~*~ (outnumbered).
  2807 | D:4      | 2807 ||| Stepping ~*~*~tactically~*~*~ (outnumbered).
  2826 | D:4      | HP: 4/29 [phantom (6)]
  2827 | D:4      | Slain by a phantom

Levels and vault maps discovered:
D:1:      elethiomel_arrival_infinity_welcomes_careful_drivers, layout_basic,
          bh_walls_and_bars
D:2:      layout_basic, ebering_ecumenical_altar_abandoned
D:3:      layout_loops_ring, serial_shops, nicolae_shop_tiny_glass,
          kennysheep_generic_room_8
D:4:      layout_loops_ring, minmay_temple_entry_statues_pillars,
          chequers_serial_rivers_large_b
Temple:   minmay_temple_bridge_d

Skill      XL: |  1  2  3  4 |
---------------+-------------+-----
Ranged Weapons | 6 7 8 |  8.2
Dodging        | 3 |  3.8
Fighting       | |  1.5
Stealth        | |  1.2

Action                     |  1- 3 |  4- 6 || total
---------------------------+-------+-------++-------
   Fire: Shortbow          |    83 |    90 ||   173
    Use: Scroll            |     1 |     5 ||     6
         Potion            |       |     2 ||     2
 Armour: Leather armour    |     3 |     5 ||     8
  Dodge: Dodged            |     1 |    17 ||    18

Table legend:
 A = Non-vault XP
 B = Vault XP
 C = Vault XP percentage of total XP
 D = Non-vault monster count
 E = Vault monster count
 F = Vault count percentage of total count
                 A         B        C        D         E       F
            +---------+---------+-------+---------+---------+-------
      Total |     266 |       0 |   0.0 |      65 |       0 |   0.0
            +---------+---------+-------+---------+---------+-------
        D:1 |      34 |       0 |   0.0 |      18 |       0 |   0.0
        D:2 |     107 |       0 |   0.0 |      24 |       0 |   0.0
        D:3 |      34 |       0 |   0.0 |      17 |       0 |   0.0
        D:4 |      91 |       0 |   0.0 |       6 |       0 |   0.0
            +---------+---------+-------+---------+---------+-------
